 Dungeon Crawl Stone Soup version 0.26-a0-665-gefeb406119 (webtiles) character file.

Game seed: 18111739426046297759

454 robertstho the Slinger (level 7, -4/46 HPs)
             Began as a Halfling Hunter on Oct 14, 2020.
             Was an Initiate of Okawaru.
             Slain by an ogre
             ... wielding a +0 giant club
              (30 damage)
             ... on level 5 of the Dungeon.
             The game lasted 00:04:01 (3001 turns).

robertstho the Slinger (Halfling Hunter)            Turns: 3001, Time: 00:04:01

Health: -4/46      AC:  3    Str: 13    XL:     7   Next: 26%
Magic:  7/7        EV: 15    Int:  9    God:    Okawaru [......]
Gold:   94         SH:  0    Dex: 23    Spells: 6/6 levels left

rFire    . . .     SeeInvis .   a - +1 hunting sling
rCold    . . .     Faith    .   (shield restricted)
rNeg     . . .     Spirit   .   c - +0 leather armour
rPois    .         Reflect  .   (no helmet)
rElec    .         Harm     .   w - scarf {repulsion}
rCorr    +         Rampage  .   (no gloves)
MR       .....                  (no boots)
Stlth    ++........             k - amulet of the acrobat
HPRegen  0.15/turn              g - ring of resist corrosion
MPRegen  0.10/turn              u - +6 ring of dexterity

@: repel missiles
A: small, mutation resistance 1
a: Renounce Religion


You were on level 5 of the Dungeon.
You worshipped Okawaru.
Okawaru was noncommittal.
You visited 2 branches of the dungeon, and saw 5 of its levels.

You collected 94 gold pieces.

Inventory:

Hand Weapons
 a - a +1 hunting sling (weapon)
 y - a +2 short sword of speed
Missiles
 d - 39 sling bullets (quivered)
 f - 80 stones
Armour
 c - a +0 leather armour (worn)
 w - a scarf of repulsion (worn)
Jewellery
 g - a ring of resist corrosion (left hand)
 k - an amulet of the acrobat (around neck)
 o - an uncursed ring of see invisible
 u - a +6 ring of dexterity (right hand)
Scrolls
 b - a scroll of amnesia {unknown}
 e - 5 scrolls of identify {unknown}
 h - 2 scrolls of fog {unknown}
 j - 3 scrolls of immolation {unknown}
 l - a scroll of blinking {unknown}
 n - a scroll of fear {unknown}
 p - a scroll of enchant weapon {unknown}
 s - 2 scrolls of remove curse {unknown}
Potions
 i - a potion of mutation {unknown}
 m - a potion of might {unknown}
 q - a potion of curing {unknown}
 r - a potion of ambrosia {unknown}
 v - a potion of cancellation {unknown}
 x - 2 potions of heal wounds {unknown}


   Skills:
 * Level 3.0 Fighting
 * Level 10.2 Slings
 + Level 1.3 Armour
 + Level 2.2 Dodging
 * Level 2.6 Stealth
 * Level 0.3 Invocations


You had 6 spell levels left.
You didn't know any spells.
Your spell library was empty.

Dungeon Overview and Level Annotations

Branches:
Dungeon (5/15)             Temple (1/1) D:5

Altars:
Ashenzari
Cheibriados
Dithmenos
Elyvilon
Fedhas
Gozag
Hepliaklqana
Kikubaaqudgha
Makhleb
Nemelex Xobeh
Okawaru
Qazlal
Ru
Sif Muna
Uskayaw
Vehumet
Wu Jian
Xom
Yredelemnul
Zin
The Shining One


Innate Abilities, Weirdness & Mutations

You are small and have problems with some larger weapons.
You are somewhat resistant to further mutation.


Message History

Press: ? - help, Shift-Dir - straight line, f/p - ogre
Aim: an ogre, wielding a +0 giant club (moderately wounded)
You shoot a sling bullet.
The sling bullet barely misses the ogre.
You aren't carrying any items that you can evoke.
Unknown command.
Firing (i - inventory. (/) - cycle)
d - 41 sling bullets (quivered)
Press: ? - help, Shift-Dir - straight line, f/p - ogre
Aim: an ogre, wielding a +0 giant club (moderately wounded)
You shoot a sling bullet. The sling bullet hits the ogre!
The ogre is severely wounded.
Firing (i - inventory. (/) - cycle)
d - 40 sling bullets (quivered)
Press: ? - help, Shift-Dir - straight line, f/p - ogre
Aim: an ogre, wielding a +0 giant club (severely wounded)
You shoot a sling bullet.
The sling bullet hits the ogre but does no damage.
The ogre is severely wounded.
The ogre hits you with a +0 giant club!!
Ouch! That really hurt!
You die...

.# #.##..##### #.##.# .####
#.........###..#†## ....#
##..#......##......#
.##.#####..........##......#
..........#.#......##......#
#.###.####..#......##......#
#.# #...##.##......##......#
#.. ###..#.##...#####......#
#. ##...####.@O.####..###
###.....###.####.##
#.###.###......# #.#
..###...## # #.# #.# #...###
..# #.# #.###.#...### #...
#.# #.##..###.(.# ##
##.#####....######.##
....#..........###..####


You could see an ogre.

Vanquished Creatures
  An ogre (D:5)
  A centaur (D:5)
  A bullfrog zombie (D:5)
  A hound (D:5)
  An iguana (D:5)
  An orc wizard (D:5)
  A worker ant (D:5)
  5 adders
  3 ufetubi (D:5)
  3 oozes (D:2)
  4 worms (D:2)
  3 dart slugs
  3 leopard geckos
  11 orcs (D:5)
  2 ball pythons
  5 bats
  A giant cockroach (D:2)
  2 goblins
  8 hobgoblins
  5 jackals
  A frilled lizard (D:1)
  2 kobolds
  A rat (D:2)
66 creatures vanquished.

Notes
Turn   | Place    | Note
-------+----------+-------------------------------------------
     0 | D:1      | robertstho the Halfling Hunter began the quest for the Orb.
     0 | D:1      | Reached XP level 1. HP: 14/14 MP: 1/1
    68 | D:1      | Reached skill level 6 in Slings
   144 | D:1      | Reached XP level 2. HP: 19/19 MP: 2/2
   748 | D:1      | Reached XP level 3. HP: 24/24 MP: 3/3
   870 | D:1      | Reached skill level 7 in Slings
  1161 | D:2      | Reached XP level 4. HP: 29/29 MP: 4/4
  1433 | D:2      | Reached skill level 8 in Slings
  1969 | D:3      | Reached XP level 5. HP: 34/34 MP: 5/5
  1977 | D:3      | You fall into a shaft and drop 2 floors!
  1977 | D:5      | Entered Level 5 of the Dungeon
  2079 | D:5      | Found a staircase to the Ecumenical Temple.
  2081 | D:5      | Noticed an ogre
  2084 | D:5      | Noticed a centaur
  2096 | D:5      | Killed an ogre
  2096 | D:5      | Reached skill level 9 in Slings
  2096 | D:5      | Reached skill level 1 in Armour
  2096 | D:5      | Reached XP level 6. HP: 28/40 MP: 6/6
  2303 | D:5      | Reached XP level 7. HP: 45/45 MP: 7/7
  2377 | Temple   | Entered the Ecumenical Temple
  2528 | Temple   | Became a worshipper of Warmaster Okawaru
  2679 | D:5      | Reached skill level 10 in Slings
  3001 | D:5      | Slain by an ogre

Illustrated notes

Levels and vault maps discovered:
D:1:      scummos_arrival_gate, layout_basic
D:2:      layout_basic, st_stairs_4, chequers_serial_rivers_micro_b
D:3:      layout_rooms
D:5:      layout_rooms, minmay_temple_entry_grid, st_stairs_9
Temple:   kilobyte_greek_temple

Skill      XL: |  1  2  3  4  5  6  7 |
---------------+----------------------+-----
Slings         | 6 7 8 9 10 | 10.2
Fighting       | 2 3 |  3.0
Armour         | 1 |  1.3
Stealth        | 2 |  2.6
Dodging        | |  2.2
Invocations    | |  0.3

Action                   |  1- 3 |  4- 6 |  7- 9 || total
-------------------------+-------+-------+-------++-------
 Fire: Hunting sling     |    80 |   140 |    52 ||   272
Armor: Leather armour    |     5 |     6 |     3 ||    14
Dodge: Dodged            |    24 |    42 |    10 ||    76

Table legend: (Time is in decaauts)
 A = Elapsed time spent in this place.
 B = Non-inter-level travel time spent in this place.
 C = Inter-level travel time spent in this place.
 D = Time resting spent in this place.
 E = Time spent auto-exploring this place.
 F = Levels seen in this place.
 G = Mean time per level.
                   A        B        C        D        E       F      G
               +--------+--------+--------+--------+--------+-----+--------+
         Total |   2939 |   2724 |    215 |    174 |   2116 |   5 |  587.8 |
       Dungeon |   2757 |   2588 |    169 |    174 |   1988 |   4 |  689.2 |
        Temple |    181 |    135 |     46 |      0 |    128 |   1 |  181.0 |
               +--------+--------+--------+--------+--------+-----+--------+

Top non-repeatable levels by time:
     D:2: 1034 daAuts
     D:1: 902 daAuts
     D:5: 802 daAuts
  Temple: 181 daAuts
     D:3: 18 daAuts
